[ AOE2 MATCH · #476629973 ]
UnrankedBengalis vs Wei
Player's team · WIN
[ REPLAY ANALYSIS · EXTRACTED FROM THE RECORDED GAME ]
Feudal
—
Castle
—
Imperial
30:24
| APM avg | 11.8 |
| APM peak | 62 |
| eAPM avg | 9.8 |
| Villagers / military | 63 / 0 |
Focus
⚔️ 39.0% · 🌾 61.0%
Fishing Ship ×47
Feudal
—
Castle
—
Imperial
29:39
| APM avg | 6.7 |
| APM peak | 28 |
| eAPM avg | 6.2 |
| Villagers / military | 49 / 0 |
Focus
⚔️ 25.6% · 🌾 74.4%
Unknown (1942) ×10 · Unknown (838) ×1
Feudal
—
Castle
—
Imperial
40:01
| APM avg | 9.7 |
| APM peak | 48 |
| eAPM avg | 9.1 |
| Villagers / military | 81 / 0 |
Focus
⚔️ 28.3% · 🌾 71.7%
Fishing Ship ×51
Feudal
—
Castle
—
Imperial
33:06
| APM avg | 12.8 |
| APM peak | 52 |
| eAPM avg | 11.0 |
| Villagers / military | 85 / 0 |
Focus
⚔️ 35.0% · 🌾 65.0%
Fishing Ship ×39
Feudal
—
Castle
—
Imperial
46:20
| APM avg | 12.2 |
| APM peak | 52 |
| eAPM avg | 10.2 |
| Villagers / military | 85 / 0 |
Focus
⚔️ 26.3% · 🌾 73.7%
Fishing Ship ×43
Feudal
—
Castle
—
Imperial
42:56
| APM avg | 9.6 |
| APM peak | 32 |
| eAPM avg | 8.6 |
| Villagers / military | 64 / 0 |
Focus
⚔️ 45.0% · 🌾 55.0%
Fishing Ship ×21
Feudal
—
Castle
—
Imperial
—
| APM avg | 5.0 |
| APM peak | 31 |
| eAPM avg | 4.7 |
| Villagers / military | 12 / 0 |
Focus
⚔️ 43.1% · 🌾 56.9%
Feudal
—
Castle
—
Imperial
30:05
| APM avg | 12.1 |
| APM peak | 141 |
| eAPM avg | 11.2 |
| Villagers / military | 36 / 0 |
Focus
⚔️ 5.3% · 🌾 94.7%
Fishing Ship ×14
Match map
Initial resources + every placement click. Lines = walls · curves = elevation contours. ◆ gold · ⬟ stone · ● berries · ✦ relic · ◌ wall gap
Your base· Open — unwalled flank
[MiPB] Lendian's base· Open — 8t gap
Ajosi's base· Open — 8t gap
Negostoso's base· Open — unwalled flank
JotaJota's base· Open — unwalled flank
HAN's base· Open — unwalled flank
ImperiorsWar's base· Open — unwalled flank
我不是你的主人's base· Open — unwalled flank
Smoothed initial terrain · ◌ = detected wall gap · hover for details
Inputs per minute
— naphtaligrauer16 - - [MiPB] Lendian
Build order — naphtaligrauer16
First 150 of 454 actions detected
| 0:10 | Build | Mill |
| 0:13 | Create | Villager (Male) |
| 0:14 | Create | Villager (Male) |
| 0:15 | Create | Villager (Male) |
| 0:15 | Create | Villager (Male) |
| 1:43 | Build | Archery Range |
| 1:46 | Build | University |
| 2:08 | Build | Blacksmith |
| 2:16 | Create | Villager (Male) |
| 2:16 | Create | Villager (Male) |
| 2:47 | Build | Lumber Camp |
| 2:48 | Build | Lumber Camp |
| 2:48 | Build | Lumber Camp |
| 2:48 | Build | Lumber Camp |
| 2:49 | Build | Lumber Camp |
| 2:49 | Build | Lumber Camp |
| 2:50 | Build | Lumber Camp |
| 2:50 | Build | Lumber Camp |
| 2:50 | Build | Lumber Camp |
| 2:50 | Build | Lumber Camp |
| 2:50 | Build | Lumber Camp |
| 2:51 | Build | Lumber Camp |
| 2:51 | Build | Lumber Camp |
| 2:51 | Build | Lumber Camp |
| 2:52 | Build | Lumber Camp |
| 2:52 | Build | Lumber Camp |
| 2:52 | Build | Lumber Camp |
| 2:52 | Build | Lumber Camp |
| 2:53 | Build | Lumber Camp |
| 2:53 | Build | Lumber Camp |
| 2:54 | Build | Lumber Camp |
| 2:54 | Build | Lumber Camp |
| 2:54 | Build | Lumber Camp |
| 2:55 | Build | Lumber Camp |
| 2:55 | Build | Lumber Camp |
| 2:55 | Build | Lumber Camp |
| 2:56 | Build | Lumber Camp |
| 2:56 | Build | Lumber Camp |
| 2:56 | Build | Lumber Camp |
| 2:56 | Build | Lumber Camp |
| 2:57 | Build | Lumber Camp |
| 2:57 | Build | Lumber Camp |
| 3:07 | Build | Lumber Camp |
| 3:14 | Create | Villager (Male) |
| 3:45 | Build | Lumber Camp |
| 3:45 | Build | Lumber Camp |
| 3:46 | Build | Lumber Camp |
| 3:51 | Research | Bodkin Arrow |
| 3:52 | Research | Leather Archer Armor |
| 4:09 | Research | Treadmill Crane |
| 4:10 | Research | Murder Holes |
| 4:20 | Build | Lumber Camp |
| 4:20 | Build | Lumber Camp |
| 4:21 | Build | Lumber Camp |
| 4:22 | Build | Lumber Camp |
| 4:22 | Build | Lumber Camp |
| 4:22 | Build | Lumber Camp |
| 4:23 | Build | Lumber Camp |
| 4:29 | Create | Villager (Male) |
| 4:29 | Create | Villager (Male) |
| 5:43 | Research | Bow Saw |
| 5:44 | Research | Bow Saw |
| 6:12 | Build | Lumber Camp |
| 6:14 | Build | Lumber Camp |
| 6:26 | Create | Villager (Male) |
| 6:26 | Create | Villager (Male) |
| 6:38 | Build | Lumber Camp |
| 6:39 | Build | Lumber Camp |
| 6:53 | Research | Leather Archer Armor |
| 7:50 | Research | Elite Skirmisher (upgrade) |
| 8:31 | Research | Thumb Ring |
| 8:47 | Build | Lumber Camp |
| 8:55 | Create | Villager (Male) |
| 8:56 | Create | Villager (Male) |
| 9:26 | Research | Ballistics |
| 10:05 | Build | Dock |
| 10:26 | Build | Dock |
| 10:32 | Research | Gillnets |
| 10:34 | Create | Fishing Ship |
| 11:26 | Build | Lumber Camp |
| 11:26 | Build | Lumber Camp |
| 11:27 | Build | Lumber Camp |
| 11:42 | Create | Fishing Ship |
| 11:49 | Build | Fish Trap |
| 12:00 | Create | Fishing Ship |
| 12:01 | Create | Fishing Ship |
| 12:01 | Create | Fishing Ship |
| 12:43 | Build | Archery Range |
| 12:52 | Research | Hand Cart |
| 12:57 | Build | Fish Trap |
| 13:05 | Build | Fish Trap |
| 13:45 | Build | Archery Range |
| 14:19 | Create | Villager (Male) |
| 14:19 | Create | Villager (Male) |
| 14:29 | Build | Archery Range |
| 14:31 | Build | Archery Range |
| 14:31 | Build | Archery Range |
| 14:31 | Build | Archery Range |
| 14:32 | Build | Archery Range |
| 14:32 | Build | Archery Range |
| 14:32 | Build | Archery Range |
| 14:33 | Build | Archery Range |
| 15:12 | Build | Archery Range |
| 15:51 | Create | Fishing Ship |
| 15:51 | Create | Fishing Ship |
| 15:51 | Create | Fishing Ship |
| 16:13 | Build | Archery Range |
| 16:14 | Build | Archery Range |
| 16:15 | Build | Archery Range |
| 16:15 | Build | Archery Range |
| 16:15 | Build | Archery Range |
| 16:16 | Build | Archery Range |
| 16:27 | Create | Villager (Male) |
| 16:33 | Build | Fish Trap |
| 16:50 | Create | Fishing Ship |
| 16:50 | Create | Fishing Ship |
| 17:32 | Build | Archery Range |
| 17:40 | Build | Fish Trap |
| 17:51 | Research | Paper Money |
| 18:22 | Build | Archery Range |
| 18:23 | Build | Archery Range |
| 18:23 | Build | Archery Range |
| 18:29 | Create | Fishing Ship |
| 18:29 | Create | Fishing Ship |
| 18:30 | Create | Villager (Male) |
| 18:31 | Create | Villager (Male) |
| 19:13 | Build | Mining Camp |
| 19:27 | Build | Mining Camp |
| 19:30 | Research | Gold Shaft Mining |
| 19:41 | Build | Archery Range |
| 19:43 | Build | Archery Range |
| 20:05 | Create | Villager (Male) |
| 20:06 | Create | Fishing Ship |
| 20:06 | Create | Fishing Ship |
| 20:07 | Create | Fishing Ship |
| 20:11 | Build | Fish Trap |
| 20:37 | Build | Mining Camp |
| 21:05 | Research | Bloodlines |
| 21:49 | Create | Fishing Ship |
| 21:50 | Create | Fishing Ship |
| 22:03 | Build | Fish Trap |
| 22:07 | Build | Fish Trap |
| 22:21 | Create | Fishing Ship |
| 22:21 | Create | Fishing Ship |
| 22:21 | Create | Fishing Ship |
| 22:30 | Create | Fishing Ship |
| 22:30 | Create | Fishing Ship |
| 22:51 | Build | Fish Trap |
| 23:01 | Create | Villager (Male) |
| 23:02 | Create | Villager (Male) |
Build order — [MiPB] Lendian
First 150 of 264 actions detected
| 0:08 | Build | Mill |
| 0:28 | Build | Castle |
| 0:36 | Build | Castle |
| 0:38 | Build | Castle |
| 0:43 | Build | Building 190 |
| 0:53 | Create | Villager (Male) ×2 |
| 1:07 | Build | Castle |
| 1:39 | Build | Building 190 |
| 1:42 | Build | Mining Camp |
| 2:37 | Build | Mill |
| 2:37 | Build | Mill |
| 2:38 | Build | Mill |
| 2:38 | Build | Mill |
| 2:39 | Build | Mill |
| 2:39 | Build | Mill |
| 2:39 | Build | Mill |
| 2:39 | Build | Mill |
| 2:40 | Build | Mill |
| 2:40 | Build | Mill |
| 2:40 | Build | Mill |
| 2:41 | Build | Mill |
| 2:41 | Build | Mill |
| 2:41 | Build | Mill |
| 2:42 | Build | Mill |
| 2:42 | Build | Mill |
| 2:42 | Build | Mill |
| 2:43 | Build | Mill |
| 2:43 | Build | Mill |
| 2:44 | Build | Mill |
| 2:44 | Build | Mill |
| 2:44 | Build | Mill |
| 2:45 | Build | Mill |
| 2:45 | Build | Mill |
| 2:49 | Create | Villager (Male) |
| 3:42 | Create | Villager (Male) |
| 4:01 | Create | Villager (Male) |
| 4:36 | Build | Lumber Camp |
| 4:40 | Build | Lumber Camp |
| 4:42 | Build | Lumber Camp |
| 4:44 | Build | Lumber Camp |
| 4:45 | Build | Lumber Camp |
| 4:47 | Build | Lumber Camp |
| 4:51 | Create | Villager (Male) |
| 5:26 | Build | Mining Camp |
| 5:40 | Create | Villager (Male) |
| 6:15 | Build | Lumber Camp |
| 6:25 | Build | Stable |
| 6:30 | Build | Mill |
| 6:30 | Build | Mill |
| 6:31 | Build | Mill |
| 6:31 | Build | Mill |
| 7:04 | Research | Light Cavalry (upgrade) |
| 7:15 | Research | Bow Saw |
| 7:29 | Build | Mill |
| 7:30 | Build | Mill |
| 7:44 | Build | Mill |
| 8:10 | Build | Mill |
| 8:10 | Build | Mill |
| 8:10 | Build | Mill |
| 8:11 | Build | Mill |
| 8:11 | Build | Mill |
| 8:11 | Build | Mill |
| 8:11 | Build | Mill |
| 8:12 | Build | Mill |
| 8:12 | Build | Mill |
| 8:12 | Build | Mill |
| 8:13 | Build | Mill |
| 8:13 | Build | Mill |
| 8:13 | Build | Mill |
| 8:29 | Create | Villager (Male) |
| 9:37 | Build | Castle |
| 9:38 | Build | Castle |
| 9:42 | Build | Castle |
| 9:44 | Build | Castle |
| 9:46 | Build | Castle |
| 9:48 | Build | Castle |
| 9:51 | Create | Villager (Male) |
| 10:02 | Research | Heavy Plow |
| 10:09 | Build | Castle |
| 10:11 | Build | Castle |
| 10:14 | Build | Castle |
| 10:16 | Build | Castle |
| 10:28 | Build | Castle |
| 10:39 | Build | Castle |
| 10:43 | Build | Castle |
| 10:57 | Build | Farm |
| 10:59 | Build | Farm |
| 11:00 | Build | Farm |
| 11:02 | Build | Farm |
| 11:03 | Build | Farm |
| 11:04 | Build | Farm |
| 11:10 | Build | Farm |
| 11:38 | Build | Castle |
| 11:47 | Build | Farm |
| 12:06 | Create | Villager (Male) |
| 12:21 | Build | University |
| 12:33 | Build | Blacksmith |
| 12:51 | Build | Castle |
| 12:53 | Build | Castle |
| 12:55 | Build | Castle |
| 13:07 | Build | Mill |
| 13:09 | Build | Farm |
| 13:13 | Build | Farm |
| 13:23 | Build | Farm |
| 13:25 | Build | Farm |
| 13:28 | Create | Villager (Male) |
| 13:57 | Build | Farm |
| 14:07 | Create | Villager (Male) |
| 14:30 | Build | Castle |
| 14:32 | Build | Castle |
| 14:35 | Build | Castle |
| 14:39 | Build | Castle |
| 14:43 | Build | Castle |
| 15:02 | Create | Villager (Male) |
| 15:55 | Build | Castle |
| 15:56 | Build | Castle |
| 16:39 | Build | Building 719 |
| 16:40 | Build | Building 719 |
| 16:40 | Build | Building 719 |
| 16:40 | Build | Building 719 |
| 16:41 | Build | Building 719 |
| 16:41 | Build | Building 719 |
| 16:41 | Build | Building 719 |
| 16:42 | Build | Building 719 |
| 16:42 | Build | Building 719 |
| 16:42 | Build | Building 719 |
| 16:42 | Build | Building 719 |
| 16:48 | Create | Villager (Male) |
| 16:49 | Create | Villager (Male) |
| 17:04 | Build | Building 719 |
| 17:26 | Research | Iron Casting |
| 17:37 | Build | Building 719 |
| 17:55 | Research | Treadmill Crane |
| 17:55 | Research | Murder Holes |
| 18:01 | Research | Ballistics |
| 18:04 | Research | Masonry |
| 18:19 | Research | Hand Cart |
| 18:54 | Build | Building 719 |
| 18:55 | Build | Building 719 |
| 18:55 | Build | Building 719 |
| 18:55 | Build | Building 719 |
| 18:56 | Build | Building 719 |
| 18:56 | Build | Building 719 |
| 18:57 | Build | Building 719 |
| 18:57 | Build | Building 719 |
| 18:57 | Build | Building 719 |
| 18:58 | Build | Building 719 |
| 18:59 | Build | Building 719 |
| 19:09 | Build | Building 719 |
| 20:32 | Research | Gold Shaft Mining |
Build order — Ajosi
First 150 of 407 actions detected
| 0:02 | Create | Villager (Male) |
| 0:03 | Create | Villager (Male) |
| 0:12 | Build | Mill |
| 0:19 | Build | University |
| 0:49 | Research | Murder Holes |
| 1:29 | Build | Blacksmith |
| 1:54 | Build | Stable |
| 1:58 | Build | Mill |
| 1:59 | Build | Mill |
| 1:59 | Build | Mill |
| 1:59 | Build | Mill |
| 2:00 | Build | Mill |
| 2:00 | Build | Mill |
| 2:00 | Build | Mill |
| 2:01 | Build | Mill |
| 2:01 | Build | Mill |
| 2:01 | Build | Mill |
| 2:02 | Build | Mill |
| 2:02 | Build | Mill |
| 2:03 | Build | Mill |
| 2:03 | Build | Mill |
| 2:03 | Build | Mill |
| 2:04 | Build | Mill |
| 2:04 | Build | Mill |
| 2:04 | Build | Mill |
| 2:05 | Build | Mill |
| 2:05 | Build | Mill |
| 2:06 | Build | Mill |
| 2:06 | Build | Mill |
| 2:06 | Build | Mill |
| 2:07 | Build | Mill |
| 2:07 | Build | Mill |
| 2:09 | Build | Mill |
| 2:11 | Build | Mill |
| 2:11 | Build | Mill |
| 2:11 | Build | Mill |
| 2:12 | Build | Mill |
| 2:12 | Build | Mill |
| 2:13 | Build | Mill |
| 2:13 | Build | Mill |
| 2:13 | Build | Mill |
| 2:14 | Build | Mill |
| 2:14 | Build | Mill |
| 2:15 | Build | Mill |
| 2:15 | Build | Mill |
| 2:15 | Build | Mill |
| 2:16 | Build | Mill |
| 2:20 | Research | Chain Barding Armor |
| 2:20 | Research | Chain Barding Armor |
| 2:39 | Build | Lumber Camp |
| 2:42 | Build | Lumber Camp |
| 2:44 | Create | Villager (Male) |
| 2:44 | Create | Villager (Male) |
| 3:22 | Research | Light Cavalry (upgrade) |
| 3:22 | Research | Light Cavalry (upgrade) |
| 3:40 | Build | Lumber Camp |
| 4:10 | Create | Villager (Male) |
| 4:11 | Create | Villager (Male) |
| 4:15 | Build | Lumber Camp |
| 4:52 | Build | Mill |
| 5:01 | Build | Mill |
| 5:11 | Build | Mill |
| 5:13 | Create | Villager (Male) |
| 5:34 | Research | Heavy Plow |
| 6:02 | Create | Villager (Male) |
| 6:24 | Build | Farm |
| 6:27 | Build | Farm |
| 6:31 | Build | Farm |
| 6:33 | Build | Farm |
| 6:35 | Build | Farm |
| 6:41 | Build | Farm |
| 7:19 | Research | Bow Saw |
| 7:27 | Build | Mining Camp |
| 8:03 | Research | Bloodlines |
| 8:03 | Research | Bloodlines |
| 8:36 | Build | Dock |
| 8:39 | Build | Dock |
| 8:44 | Create | Villager (Male) |
| 8:54 | Build | Lumber Camp |
| 9:39 | Build | Mill |
| 9:40 | Build | Mill |
| 9:40 | Build | Mill |
| 9:41 | Create | Villager (Male) |
| 10:19 | Create | Villager (Male) |
| 10:36 | Build | Farm |
| 10:38 | Build | Farm |
| 10:40 | Build | Farm |
| 10:45 | Build | Farm |
| 10:52 | Research | Gillnets |
| 10:52 | Create | Fishing Ship |
| 11:04 | Build | Mining Camp |
| 11:19 | Build | Mill |
| 11:21 | Build | Mill |
| 11:22 | Build | Mill |
| 11:22 | Build | Mill |
| 11:22 | Build | Mill |
| 11:23 | Build | Mill |
| 11:23 | Build | Mill |
| 11:45 | Build | Farm |
| 11:59 | Build | Farm |
| 12:01 | Build | Farm |
| 12:03 | Create | Villager (Male) |
| 12:03 | Create | Villager (Male) |
| 12:07 | Create | Fishing Ship |
| 12:09 | Create | Fishing Ship |
| 12:32 | Create | Villager (Male) |
| 12:43 | Build | Mill |
| 13:05 | Build | Fish Trap |
| 13:39 | Research | Iron Casting |
| 14:04 | Research | Hand Cart |
| 14:22 | Build | Castle |
| 14:55 | Create | Villager (Male) |
| 15:05 | Build | Farm |
| 15:09 | Build | Farm |
| 15:25 | Build | Mill |
| 15:27 | Build | Mill |
| 15:28 | Create | Villager (Male) |
| 16:12 | Create | Fishing Ship |
| 16:19 | Research | Burgundian Vineyards |
| 16:19 | Research | Burgundian Vineyards |
| 16:31 | Research | Gold Shaft Mining |
| 16:32 | Research | Gold Shaft Mining |
| 17:02 | Create | Fishing Ship |
| 17:07 | Build | Fish Trap |
| 17:19 | Create | Villager (Male) |
| 17:29 | Create | Villager (Male) |
| 17:29 | Create | Villager (Male) |
| 17:29 | Create | Villager (Male) |
| 17:42 | Build | Fish Trap |
| 18:14 | Build | Castle |
| 18:17 | Build | Castle |
| 18:20 | Create | Villager (Male) |
| 18:20 | Create | Villager (Male) |
| 18:21 | Create | Villager (Male) |
| 18:48 | Create | Villager (Male) |
| 18:48 | Create | Villager (Male) |
| 19:17 | Create | Villager (Male) |
| 19:59 | Create | Fishing Ship |
| 20:02 | Create | Fishing Ship |
| 20:04 | Create | Villager (Male) |
| 20:04 | Create | Villager (Male) |
| 20:39 | Create | Villager (Male) |
| 21:00 | Research | Husbandry |
| 21:00 | Research | Husbandry |
| 21:39 | Create | Villager (Male) |
| 21:42 | Create | Fishing Ship |
| 21:46 | Build | Fish Trap |
| 21:49 | Build | Fish Trap |
| 22:17 | Research | Paper Money |
| 22:17 | Research | Paper Money |
Build order — Negostoso
First 150 of 398 actions detected
| 0:21 | Build | Mill |
| 0:24 | Create | Villager (Male) |
| 0:24 | Create | Villager (Male) |
| 0:36 | Build | University |
| 0:41 | Build | Blacksmith |
| 0:53 | Build | Castle |
| 0:55 | Build | Castle |
| 1:02 | Build | Castle |
| 1:05 | Build | Castle |
| 1:38 | Research | Treadmill Crane |
| 1:39 | Research | Murder Holes |
| 2:13 | Build | Mining Camp |
| 2:15 | Build | Mining Camp |
| 2:16 | Build | Mining Camp |
| 2:17 | Build | Mining Camp |
| 2:18 | Build | Mining Camp |
| 2:19 | Build | Mining Camp |
| 2:30 | Create | Villager (Male) |
| 2:31 | Create | Villager (Male) |
| 2:31 | Create | Villager (Male) |
| 2:31 | Create | Villager (Male) |
| 3:27 | Build | Mining Camp |
| 3:28 | Build | Mining Camp |
| 3:29 | Build | Mining Camp |
| 3:30 | Build | Mining Camp |
| 3:30 | Build | Mining Camp |
| 3:31 | Build | Mining Camp |
| 3:32 | Build | Mining Camp |
| 4:07 | Create | Villager (Male) |
| 4:07 | Create | Villager (Male) |
| 4:07 | Create | Villager (Male) |
| 4:08 | Create | Villager (Male) |
| 4:40 | Build | Barracks |
| 5:11 | Build | Archery Range |
| 5:22 | Build | Lumber Camp |
| 5:22 | Build | Lumber Camp |
| 5:22 | Build | Lumber Camp |
| 5:23 | Build | Lumber Camp |
| 5:23 | Build | Lumber Camp |
| 5:24 | Build | Lumber Camp |
| 5:24 | Build | Lumber Camp |
| 5:24 | Build | Lumber Camp |
| 5:38 | Create | Villager (Male) |
| 5:39 | Create | Villager (Male) |
| 5:39 | Create | Villager (Male) |
| 5:39 | Create | Villager (Male) |
| 6:14 | Build | Lumber Camp |
| 6:34 | Research | Elite Skirmisher (upgrade) |
| 6:51 | Build | Lumber Camp |
| 6:52 | Build | Lumber Camp |
| 6:52 | Build | Lumber Camp |
| 6:52 | Build | Lumber Camp |
| 6:53 | Build | Lumber Camp |
| 6:53 | Build | Lumber Camp |
| 6:53 | Build | Lumber Camp |
| 6:54 | Build | Lumber Camp |
| 7:07 | Create | Villager (Male) |
| 7:08 | Create | Villager (Male) |
| 7:08 | Create | Villager (Male) |
| 7:25 | Build | Lumber Camp |
| 7:33 | Create | Villager (Male) |
| 7:42 | Build | Lumber Camp |
| 8:24 | Build | Lumber Camp |
| 8:24 | Build | Lumber Camp |
| 8:25 | Build | Lumber Camp |
| 8:25 | Build | Lumber Camp |
| 8:25 | Build | Lumber Camp |
| 8:26 | Build | Lumber Camp |
| 8:26 | Build | Lumber Camp |
| 8:36 | Research | Pikeman (upgrade) |
| 9:01 | Build | Farm |
| 9:02 | Build | Farm |
| 9:06 | Build | Farm |
| 9:07 | Build | Farm |
| 9:09 | Build | Farm |
| 9:13 | Create | Villager (Male) |
| 9:14 | Create | Villager (Male) |
| 9:58 | Build | Farm |
| 10:01 | Create | Villager (Male) |
| 10:01 | Create | Villager (Male) |
| 10:13 | Build | Farm |
| 10:14 | Build | Farm |
| 10:16 | Build | Farm |
| 10:26 | Build | Farm |
| 10:28 | Build | Farm |
| 10:58 | Build | Lumber Camp |
| 10:59 | Build | Lumber Camp |
| 10:59 | Build | Lumber Camp |
| 11:00 | Build | Lumber Camp |
| 11:00 | Build | Lumber Camp |
| 11:01 | Build | Lumber Camp |
| 11:01 | Build | Lumber Camp |
| 11:01 | Build | Lumber Camp |
| 11:02 | Build | Lumber Camp |
| 11:02 | Build | Lumber Camp |
| 11:30 | Build | Farm |
| 11:32 | Build | Farm |
| 11:44 | Build | Mill |
| 11:53 | Build | Farm |
| 11:56 | Create | Villager (Male) |
| 12:52 | Create | Villager (Male) |
| 12:53 | Create | Villager (Male) |
| 13:22 | Build | Mining Camp |
| 13:23 | Build | Mining Camp |
| 13:25 | Build | Mining Camp |
| 13:26 | Build | Mining Camp |
| 13:38 | Build | Mining Camp |
| 13:38 | Build | Mining Camp |
| 13:39 | Build | Mining Camp |
| 13:39 | Build | Mining Camp |
| 13:39 | Build | Mining Camp |
| 13:40 | Build | Mining Camp |
| 13:41 | Build | Mining Camp |
| 13:47 | Create | Villager (Male) |
| 13:47 | Create | Villager (Male) |
| 13:53 | Build | Farm |
| 14:01 | Research | Heavy Plow |
| 14:02 | Research | Bow Saw |
| 14:48 | Research | Hand Cart |
| 15:12 | Build | Farm |
| 16:22 | Build | Castle |
| 16:55 | Build | Building 190 |
| 17:17 | Create | Villager (Male) |
| 17:18 | Create | Villager (Male) |
| 17:18 | Create | Villager (Male) |
| 17:18 | Create | Villager (Male) |
| 17:19 | Create | Villager (Male) |
| 17:52 | Build | Building 190 |
| 18:07 | Create | Villager (Male) |
| 18:07 | Create | Villager (Male) |
| 18:07 | Create | Villager (Male) |
| 18:08 | Create | Villager (Male) |
| 19:08 | Build | Mining Camp |
| 19:12 | Create | Villager (Male) |
| 19:13 | Create | Villager (Male) |
| 19:13 | Create | Villager (Male) |
| 19:32 | Build | Dock |
| 19:39 | Build | Dock |
| 20:19 | Build | Mining Camp |
| 21:10 | Create | Villager (Male) |
| 21:10 | Create | Villager (Male) |
| 21:11 | Create | Villager (Male) |
| 21:37 | Research | Gillnets |
| 22:16 | Create | Villager (Male) |
| 22:16 | Create | Villager (Male) |
| 22:17 | Create | Villager (Male) |
| 22:18 | Create | Villager (Male) |
| 22:18 | Create | Villager (Male) |
| 22:46 | Research | Gold Shaft Mining |
| 23:23 | Build | Farm |
Build order — JotaJota
First 150 of 331 actions detected
| 0:07 | Build | Mill |
| 0:41 | Build | House |
| 0:42 | Build | House |
| 0:42 | Build | House |
| 0:43 | Build | House |
| 0:43 | Build | House |
| 0:44 | Build | House |
| 0:44 | Build | House |
| 0:48 | Build | House |
| 0:49 | Build | House |
| 0:49 | Build | House |
| 0:49 | Build | House |
| 0:50 | Build | House |
| 0:50 | Build | House |
| 0:50 | Build | House |
| 0:50 | Build | House |
| 0:51 | Build | House |
| 0:51 | Build | House |
| 0:51 | Build | House |
| 0:51 | Build | House |
| 0:52 | Build | House |
| 1:01 | Create | Villager (Male) ×2 |
| 1:02 | Create | Villager (Male) ×2 |
| 2:28 | Create | Villager (Male) |
| 2:29 | Create | Villager (Male) |
| 2:35 | Build | House |
| 2:35 | Build | House |
| 2:35 | Build | House |
| 2:36 | Build | House |
| 2:36 | Build | House |
| 2:36 | Build | House |
| 2:36 | Build | House |
| 2:37 | Build | House |
| 2:37 | Build | House |
| 3:22 | Create | Villager (Male) |
| 3:33 | Create | Villager (Male) |
| 3:33 | Create | Villager (Male) |
| 4:13 | Create | Villager (Male) |
| 6:27 | Create | Villager (Male) |
| 6:28 | Create | Villager (Male) |
| 6:28 | Create | Villager (Male) |
| 6:49 | Create | Villager (Male) |
| 6:49 | Create | Villager (Male) |
| 7:04 | Build | Lumber Camp |
| 7:10 | Research | Hand Cart |
| 7:16 | Build | House |
| 7:16 | Build | House |
| 7:16 | Build | House |
| 7:17 | Build | House |
| 7:17 | Build | House |
| 7:17 | Build | House |
| 7:17 | Build | House |
| 7:29 | Build | Lumber Camp |
| 8:01 | Research | Bow Saw |
| 8:01 | Research | Bow Saw |
| 9:01 | Build | Stable |
| 9:07 | Build | Blacksmith |
| 10:13 | Build | Stable |
| 10:15 | Research | Iron Casting |
| 10:20 | Build | Stable |
| 10:20 | Build | Stable |
| 10:20 | Build | Stable |
| 10:20 | Build | Stable |
| 10:21 | Build | Stable |
| 10:21 | Build | Stable |
| 10:21 | Build | Stable |
| 10:26 | Research | Husbandry |
| 12:04 | Build | Stable |
| 12:04 | Build | Stable |
| 12:05 | Build | Stable |
| 12:05 | Build | Stable |
| 12:05 | Build | Stable |
| 12:06 | Build | Stable |
| 12:06 | Build | Stable |
| 12:06 | Build | Stable |
| 12:10 | Research | Chain Barding Armor |
| 14:01 | Build | Castle |
| 14:02 | Build | Castle |
| 14:02 | Build | Castle |
| 14:02 | Build | Castle |
| 14:15 | Build | Castle |
| 14:16 | Build | Castle |
| 14:16 | Build | Castle |
| 14:29 | Research | Bloodlines |
| 16:35 | Research | Gold Shaft Mining |
| 16:52 | Build | Mill |
| 16:55 | Build | Mill |
| 17:00 | Build | Mill |
| 17:02 | Build | Mill |
| 17:05 | Build | Mill |
| 17:07 | Build | Mill |
| 17:10 | Build | Mill |
| 18:33 | Build | Building 190 |
| 18:35 | Build | Building 190 |
| 18:41 | Research | Heavy Plow |
| 18:41 | Research | Heavy Plow |
| 18:45 | Build | Farm |
| 18:45 | Build | Farm |
| 18:45 | Build | Farm |
| 18:46 | Build | Farm |
| 18:46 | Build | Farm |
| 18:46 | Build | Farm |
| 18:46 | Build | Farm |
| 18:47 | Build | Farm |
| 18:47 | Build | Farm |
| 18:47 | Build | Farm |
| 18:47 | Build | Farm |
| 18:48 | Build | Farm |
| 18:48 | Build | Farm |
| 18:48 | Build | Farm |
| 18:48 | Build | Farm |
| 18:49 | Build | Farm |
| 18:49 | Build | Farm |
| 18:49 | Build | Farm |
| 18:50 | Build | Farm |
| 18:50 | Build | Farm |
| 18:50 | Build | Farm |
| 18:50 | Build | Farm |
| 18:51 | Build | Farm |
| 18:51 | Build | Farm |
| 18:51 | Build | Farm |
| 18:52 | Build | Farm |
| 18:52 | Build | Farm |
| 18:52 | Build | Farm |
| 18:52 | Build | Farm |
| 18:53 | Build | Farm |
| 18:53 | Build | Farm |
| 18:53 | Build | Farm |
| 18:54 | Build | Farm |
| 18:54 | Build | Farm |
| 18:54 | Build | Farm |
| 18:55 | Build | Farm |
| 19:47 | Build | Mining Camp |
| 19:53 | Build | Mining Camp |
| 20:39 | Research | Bodkin Arrow |
| 20:59 | Create | Villager (Male) |
| 20:59 | Create | Villager (Male) |
| 23:04 | Create | Villager (Male) |
| 23:05 | Create | Villager (Male) |
| 23:06 | Create | Villager (Male) |
| 23:06 | Create | Villager (Male) |
| 23:54 | Create | Villager (Male) |
| 23:54 | Create | Villager (Male) |
| 24:20 | Create | Villager (Male) |
| 24:21 | Create | Villager (Male) |
| 25:16 | Create | Villager (Male) |
| 25:17 | Create | Villager (Male) |
| 25:37 | Create | Villager (Male) |
| 25:37 | Create | Villager (Male) |
| 25:42 | Build | Farm |
Build order — HAN
First 150 of 337 actions detected
| 0:11 | Build | Mill |
| 0:22 | Build | Castle |
| 0:22 | Build | Castle |
| 0:23 | Build | Castle |
| 0:23 | Build | Castle |
| 0:24 | Build | Castle |
| 0:24 | Build | Castle |
| 0:25 | Build | Castle |
| 0:25 | Build | Castle |
| 0:25 | Build | Castle |
| 0:26 | Build | Castle |
| 0:26 | Build | Castle |
| 0:26 | Build | Castle |
| 0:27 | Build | Castle |
| 0:27 | Build | Castle |
| 0:37 | Build | Castle |
| 0:54 | Research | Hand Cart |
| 1:48 | Create | Villager (Male) |
| 3:15 | Create | Villager (Male) |
| 3:16 | Create | Villager (Male) |
| 3:23 | Create | Villager (Male) |
| 3:56 | Build | Lumber Camp |
| 4:07 | Create | Villager (Male) |
| 4:38 | Research | Bow Saw |
| 5:07 | Create | Villager (Male) |
| 5:07 | Create | Villager (Male) |
| 5:30 | Build | Farm |
| 5:32 | Build | Farm |
| 5:33 | Build | Farm |
| 5:34 | Build | Farm |
| 6:44 | Create | Villager (Male) |
| 6:45 | Create | Villager (Male) |
| 7:24 | Create | Villager (Male) |
| 8:10 | Create | Villager (Male) |
| 8:36 | Build | Farm |
| 8:37 | Build | Farm |
| 8:39 | Build | Farm |
| 8:41 | Build | Farm |
| 8:42 | Build | Farm |
| 8:44 | Build | Farm |
| 8:46 | Build | Farm |
| 8:50 | Create | Villager (Male) |
| 8:50 | Create | Villager (Male) |
| 9:40 | Build | University |
| 9:44 | Build | Blacksmith |
| 10:01 | Create | Villager (Male) |
| 10:01 | Create | Villager (Male) |
| 10:39 | Research | Bodkin Arrow |
| 10:47 | Build | Castle |
| 10:48 | Build | Castle |
| 10:48 | Build | Castle |
| 10:48 | Build | Castle |
| 10:49 | Build | Castle |
| 10:49 | Build | Castle |
| 11:18 | Research | Murder Holes |
| 11:40 | Create | Villager (Male) |
| 11:40 | Create | Villager (Male) |
| 12:46 | Research | Burgundian Vineyards |
| 13:50 | Build | Castle |
| 13:50 | Build | Castle |
| 13:51 | Build | Castle |
| 13:51 | Build | Castle |
| 13:51 | Build | Castle |
| 13:52 | Build | Castle |
| 13:52 | Build | Castle |
| 13:53 | Build | Castle |
| 14:22 | Create | Villager (Male) |
| 14:22 | Create | Villager (Male) |
| 14:50 | Create | Villager (Male) |
| 14:56 | Build | Farm |
| 15:22 | Build | Farm |
| 15:53 | Create | Villager (Male) |
| 16:10 | Research | Heavy Plow |
| 16:44 | Create | Villager (Male) |
| 17:21 | Build | Castle |
| 17:21 | Build | Castle |
| 17:22 | Build | Castle |
| 17:22 | Build | Castle |
| 17:22 | Build | Castle |
| 17:47 | Build | Castle |
| 17:47 | Build | Castle |
| 17:48 | Build | Castle |
| 17:48 | Build | Castle |
| 17:49 | Build | Castle |
| 17:49 | Build | Castle |
| 17:55 | Create | Villager (Male) |
| 18:20 | Research | Thumb Ring |
| 18:57 | Build | Farm |
| 19:19 | Create | Villager (Male) |
| 19:52 | Research | Gold Shaft Mining |
| 20:22 | Build | Mining Camp |
| 20:39 | Build | Mining Camp |
| 21:19 | Research | Paper Money |
| 21:51 | Research | Bloodlines |
| 22:08 | Research | Tech 19 |
| 22:44 | Build | Castle |
| 22:45 | Build | Castle |
| 22:45 | Build | Castle |
| 22:46 | Build | Castle |
| 22:49 | Build | Castle |
| 22:53 | Research | Thumb Ring |
| 23:13 | Build | Castle |
| 23:13 | Build | Castle |
| 23:14 | Build | Castle |
| 23:14 | Build | Castle |
| 24:03 | Create | Villager (Male) |
| 24:04 | Create | Villager (Male) |
| 24:23 | Create | Villager (Male) |
| 24:23 | Create | Villager (Male) |
| 24:55 | Research | Tech 19 |
| 25:15 | Research | Gold Shaft Mining |
| 25:16 | Research | Gold Shaft Mining |
| 25:25 | Research | Tech 19 |
| 25:41 | Build | Castle |
| 25:42 | Build | Castle |
| 25:42 | Build | Castle |
| 26:06 | Build | Castle |
| 26:07 | Build | Castle |
| 26:07 | Build | Castle |
| 26:07 | Build | Castle |
| 26:34 | Research | Paper Money |
| 27:13 | Build | Castle |
| 27:13 | Build | Castle |
| 27:14 | Build | Castle |
| 27:32 | Create | Villager (Male) |
| 27:32 | Create | Villager (Male) |
| 27:44 | Build | Lumber Camp |
| 28:02 | Research | Tech 19 |
| 28:07 | Create | Villager (Male) |
| 28:08 | Create | Villager (Male) |
| 28:08 | Create | Villager (Male) |
| 28:35 | Research | Tech 19 |
| 28:48 | Research | Bloodlines |
| 29:14 | Build | Castle |
| 29:15 | Build | Castle |
| 29:24 | Build | Castle |
| 29:25 | Build | Castle |
| 29:26 | Build | Castle |
| 29:27 | Build | Castle |
| 29:44 | Build | Lumber Camp |
| 29:47 | Research | Burgundian Vineyards |
| 30:03 | Research | Tech 19 |
| 30:28 | Research | Sipahi |
| 30:47 | Build | Mill |
| 30:58 | Build | Dock |
| 31:01 | Research | Tech 19 |
| 31:16 | Research | Tech 19 |
| 31:42 | Build | Castle |
| 31:42 | Build | Castle |
| 32:03 | Build | Farm |
Build order — ImperiorsWar
First 150 of 213 actions detected
| 0:39 | Build | Mill |
| 0:49 | Create | Villager (Male) ×2 |
| 1:15 | Build | Lumber Camp |
| 1:16 | Build | Lumber Camp |
| 1:16 | Build | Lumber Camp |
| 1:17 | Build | Lumber Camp |
| 1:18 | Build | Lumber Camp |
| 1:18 | Build | Lumber Camp |
| 1:19 | Build | Lumber Camp |
| 1:19 | Build | Lumber Camp |
| 1:20 | Build | Lumber Camp |
| 1:24 | Build | Lumber Camp |
| 1:25 | Build | Lumber Camp |
| 1:25 | Build | Lumber Camp |
| 1:26 | Build | Lumber Camp |
| 1:26 | Build | Lumber Camp |
| 1:27 | Build | Lumber Camp |
| 1:28 | Build | Lumber Camp |
| 1:29 | Build | Lumber Camp |
| 1:29 | Build | Lumber Camp |
| 1:30 | Build | Lumber Camp |
| 1:38 | Build | Lumber Camp |
| 1:39 | Build | Lumber Camp |
| 1:40 | Build | Lumber Camp |
| 1:40 | Build | Lumber Camp |
| 1:41 | Build | Lumber Camp |
| 1:41 | Build | Lumber Camp |
| 1:42 | Build | Lumber Camp |
| 1:43 | Build | Lumber Camp |
| 1:43 | Build | Lumber Camp |
| 1:44 | Build | Lumber Camp |
| 2:09 | Build | Lumber Camp |
| 2:53 | Build | University |
| 3:01 | Build | Blacksmith |
| 3:26 | Build | Archery Range |
| 3:37 | Build | Castle |
| 3:47 | Build | Castle |
| 4:04 | Research | Bodkin Arrow |
| 4:15 | Research | Murder Holes |
| 4:19 | Research | Elite Skirmisher (upgrade) |
| 4:36 | Research | Masonry |
| 4:51 | Build | Mining Camp |
| 6:11 | Research | Thumb Ring |
| 6:19 | Research | Arson |
| 6:23 | Research | Bloodlines |
| 6:25 | Research | Squires |
| 7:22 | Research | Gold Shaft Mining |
| 7:54 | Build | Mill |
| 8:16 | Build | Mill |
| 8:28 | Build | Mill |
| 8:37 | Build | Mill |
| 8:52 | Research | Paper Money |
| 10:13 | Build | Lumber Camp |
| 10:23 | Build | Lumber Camp |
| 10:36 | Research | Bow Saw |
| 10:46 | Build | Lumber Camp |
| 11:04 | Research | Heavy Plow |
| 11:21 | Build | Mining Camp |
| 11:33 | Build | Siege Workshop |
| 11:36 | Build | Siege Workshop |
| 12:03 | Build | Siege Workshop |
| 12:33 | Build | Siege Workshop |
| 13:20 | Build | Siege Workshop |
| 13:28 | Research | Burgundian Vineyards |
| 14:11 | Build | Siege Workshop |
| 14:46 | Build | Siege Workshop |
| 15:47 | Build | Siege Workshop |
| 16:13 | Research | Stone Shaft Mining |
| 17:03 | Build | Dock |
| 17:09 | Build | Dock |
| 17:14 | Build | Dock |
| 18:02 | Research | Imperial Age |
| 18:10 | Research | Hand Cart |
| 18:30 | Create | Villager (Male) ×4 |
| 19:10 | Build | Siege Workshop |
| 19:12 | Build | Siege Workshop |
| 20:09 | Build | Siege Workshop |
| 20:11 | Build | Siege Workshop |
| 20:13 | Build | Siege Workshop |
| 20:16 | Build | Siege Workshop |
| 21:22 | Research | Two-Man Saw |
| 21:22 | Research | Two-Man Saw |
| 22:13 | Build | Siege Workshop |
| 22:15 | Build | Siege Workshop |
| 22:49 | Build | Siege Workshop |
| 23:56 | Research | Capped Ram (upgrade) |
| 24:12 | Build | Siege Workshop |
| 24:15 | Build | Siege Workshop |
| 25:28 | Build | Lumber Camp |
| 25:30 | Build | Lumber Camp |
| 25:31 | Build | Lumber Camp |
| 25:33 | Build | Lumber Camp |
| 25:34 | Build | Lumber Camp |
| 25:36 | Build | Lumber Camp |
| 25:36 | Build | Lumber Camp |
| 25:37 | Build | Lumber Camp |
| 26:25 | Build | Farm |
| 26:27 | Build | Farm |
| 26:30 | Build | Farm |
| 26:32 | Build | Farm |
| 27:06 | Research | Town Patrol |
| 27:16 | Research | Bracer |
| 27:22 | Research | Leather Archer Armor |
| 27:32 | Research | Ballistics |
| 27:45 | Research | Conscription |
| 28:46 | Research | Tech 19 |
| 29:32 | Research | Citadels |
| 29:38 | Research | Wagenburg Tactics |
| 30:07 | Build | Farm |
| 30:14 | Build | Farm |
| 30:16 | Build | Farm |
| 30:19 | Build | Farm |
| 30:21 | Build | Farm |
| 30:23 | Build | Farm |
| 30:24 | Build | Farm |
| 30:27 | Build | Farm |
| 30:29 | Build | Farm |
| 30:31 | Build | Farm |
| 30:39 | Build | Farm |
| 30:47 | Build | Farm |
| 30:58 | Research | Tech 19 |
| 31:39 | Research | Shatagni |
| 32:33 | Build | House |
| 32:34 | Build | House |
| 32:35 | Build | House |
| 32:37 | Build | House |
| 32:38 | Build | House |
| 32:54 | Build | House |
| 32:55 | Build | House |
| 33:18 | Build | House |
| 33:20 | Build | House |
| 33:21 | Build | House |
| 33:24 | Build | House |
| 33:25 | Build | House |
| 33:27 | Build | House |
| 33:31 | Build | House |
| 33:33 | Build | House |
| 33:35 | Build | House |
| 34:13 | Research | Ring Archer Armor |
| 34:44 | Research | Siege Ram (upgrade) |
| 34:45 | Research | Siege Ram (upgrade) |
| 35:04 | Research | Tech 19 |
| 35:08 | Research | Gold Shaft Mining |
| 36:03 | Research | Arquebus |
| 36:15 | Research | Tech 19 |
| 37:02 | Research | Chemistry |
| 38:13 | Build | Farm |
| 38:37 | Research | Architecture |
| 38:39 | Research | Arrowslits |
| 38:54 | Research | Supremacy |
Build order — 我不是你的主人
First 150 of 416 actions detected
| 0:14 | Build | Mill |
| 0:16 | Create | Villager (Male) ×2 |
| 0:27 | Build | Blacksmith |
| 1:15 | Build | University |
| 2:07 | Build | Siege Workshop |
| 2:28 | Build | Archery Range |
| 2:37 | Build | Lumber Camp |
| 2:37 | Build | Lumber Camp |
| 2:38 | Build | Lumber Camp |
| 2:38 | Build | Lumber Camp |
| 2:38 | Build | Lumber Camp |
| 2:38 | Build | Lumber Camp |
| 2:39 | Build | Lumber Camp |
| 2:39 | Build | Lumber Camp |
| 2:39 | Build | Lumber Camp |
| 2:39 | Build | Lumber Camp |
| 2:40 | Build | Lumber Camp |
| 2:40 | Build | Lumber Camp |
| 2:40 | Build | Lumber Camp |
| 2:41 | Build | Lumber Camp |
| 2:41 | Build | Lumber Camp |
| 2:41 | Build | Lumber Camp |
| 2:42 | Build | Lumber Camp |
| 2:42 | Build | Lumber Camp |
| 2:42 | Build | Lumber Camp |
| 2:42 | Build | Lumber Camp |
| 2:43 | Build | Lumber Camp |
| 2:43 | Build | Lumber Camp |
| 2:43 | Build | Lumber Camp |
| 2:44 | Build | Lumber Camp |
| 2:44 | Build | Lumber Camp |
| 2:44 | Build | Lumber Camp |
| 2:45 | Build | Lumber Camp |
| 2:45 | Build | Lumber Camp |
| 2:45 | Build | Lumber Camp |
| 2:45 | Build | Lumber Camp |
| 2:46 | Build | Lumber Camp |
| 2:56 | Create | Villager (Male) |
| 3:40 | Create | Villager (Male) |
| 4:11 | Research | Elite Skirmisher (upgrade) |
| 4:24 | Create | Villager (Male) |
| 5:23 | Build | Farm |
| 5:38 | Build | Farm |
| 5:41 | Build | Farm |
| 5:43 | Build | Farm |
| 6:16 | Research | Bow Saw |
| 6:46 | Build | Lumber Camp |
| 6:50 | Build | Lumber Camp |
| 6:53 | Build | Lumber Camp |
| 6:58 | Build | Lumber Camp |
| 7:09 | Create | Villager (Male) ×2 |
| 7:40 | Build | Lumber Camp |
| 8:02 | Build | Lumber Camp |
| 8:12 | Build | Lumber Camp |
| 8:13 | Build | Lumber Camp |
| 8:13 | Build | Lumber Camp |
| 8:13 | Build | Lumber Camp |
| 8:14 | Build | Lumber Camp |
| 8:14 | Build | Lumber Camp |
| 8:14 | Build | Lumber Camp |
| 8:15 | Build | Lumber Camp |
| 8:15 | Build | Lumber Camp |
| 8:15 | Build | Lumber Camp |
| 8:15 | Build | Lumber Camp |
| 8:41 | Create | Villager (Male) |
| 9:24 | Build | Mining Camp |
| 9:34 | Create | Villager (Male) |
| 10:07 | Build | Lumber Camp |
| 10:07 | Build | Lumber Camp |
| 10:07 | Build | Lumber Camp |
| 10:08 | Build | Lumber Camp |
| 10:08 | Build | Lumber Camp |
| 10:08 | Build | Lumber Camp |
| 10:09 | Build | Lumber Camp |
| 10:09 | Build | Lumber Camp |
| 10:09 | Build | Lumber Camp |
| 10:09 | Build | Lumber Camp |
| 10:10 | Build | Lumber Camp |
| 10:12 | Build | Lumber Camp |
| 10:12 | Build | Lumber Camp |
| 10:13 | Build | Lumber Camp |
| 10:13 | Build | Lumber Camp |
| 10:13 | Build | Lumber Camp |
| 10:13 | Build | Lumber Camp |
| 10:14 | Build | Lumber Camp |
| 10:14 | Build | Lumber Camp |
| 10:44 | Create | Villager (Male) |
| 10:46 | Create | Villager (Male) |
| 12:12 | Build | Outpost |
| 12:36 | Research | Hand Cart |
| 13:16 | Build | Outpost |
| 13:55 | Build | Building 190 |
| 13:56 | Build | Building 190 |
| 13:56 | Build | Building 190 |
| 13:56 | Build | Building 190 |
| 14:09 | Build | Building 190 |
| 14:09 | Build | Building 190 |
| 14:10 | Build | Building 190 |
| 14:10 | Build | Building 190 |
| 14:10 | Build | Building 190 |
| 14:19 | Build | Building 190 |
| 15:05 | Create | Villager (Male) |
| 16:01 | Build | Building 190 |
| 16:01 | Build | Building 190 |
| 16:01 | Build | Building 190 |
| 16:01 | Build | Building 190 |
| 16:02 | Build | Building 190 |
| 16:02 | Build | Building 190 |
| 16:59 | Create | Villager (Male) |
| 18:12 | Build | Caravanserai |
| 18:35 | Build | Building 190 |
| 19:29 | Build | Building 190 |
| 19:30 | Build | Building 190 |
| 19:32 | Build | Building 190 |
| 19:33 | Build | Building 190 |
| 19:36 | Build | Building 190 |
| 20:07 | Build | Mining Camp |
| 20:48 | Research | Gold Shaft Mining |
| 20:48 | Research | Burgundian Vineyards |
| 20:48 | Research | Paper Money |
| 21:07 | Build | Outpost |
| 21:08 | Build | Outpost |
| 21:09 | Build | Outpost |
| 22:09 | Build | Dock |
| 22:22 | Build | Outpost |
| 22:22 | Build | Outpost |
| 22:23 | Build | Outpost |
| 22:23 | Build | Outpost |
| 22:23 | Build | Outpost |
| 22:28 | Build | Outpost |
| 22:46 | Research | Gillnets |
| 22:47 | Create | Fishing Ship |
| 23:56 | Build | Outpost |
| 24:13 | Build | Outpost |
| 24:35 | Build | Fish Trap |
| 24:39 | Create | Fishing Ship |
| 24:57 | Build | Fish Trap |
| 26:20 | Build | Outpost |
| 26:33 | Build | Outpost |
| 26:55 | Research | Imperial Age |
| 27:33 | Build | Outpost |
| 28:38 | Build | Caravanserai |
| 28:41 | Create | Villager (Male) ×3 |
| 28:50 | Create | Villager (Male) ×3 |
| 28:54 | Research | Paper Money |
| 28:55 | Create | Villager (Male) |
| 29:04 | Create | Fishing Ship |
| 29:24 | Build | Fish Trap |
| 30:05 | Age | Imperial Age |
| 30:11 | Research | Two-Man Saw |
Match timeline
| 0:22 | HAN · first_building Castle |
| 0:28 | [MiPB] Lendian · first_building Castle |
| 0:53 | Negostoso · first_building Castle |
| 1:43 | naphtaligrauer16 · first_building Archery Range |
| 1:54 | Ajosi · first_building Stable |
| 2:07 | 我不是你的主人 · first_building Siege Workshop |
| 2:28 | 我不是你的主人 · first_building Archery Range |
| 3:26 | ImperiorsWar · first_building Archery Range |
| 3:37 | ImperiorsWar · first_building Castle |
| 4:40 | Negostoso · first_building Barracks |
| 5:11 | Negostoso · first_building Archery Range |
| 6:25 | [MiPB] Lendian · first_building Stable |
| 8:36 | Ajosi · first_building Dock |
| 9:01 | JotaJota · first_building Stable |
| 10:05 | naphtaligrauer16 · first_building Dock |
| 11:33 | ImperiorsWar · first_building Siege Workshop |
| 14:01 | JotaJota · first_building Castle |
| 14:22 | Ajosi · first_building Castle |
| 17:03 | ImperiorsWar · first_building Dock |
| 19:32 | Negostoso · first_building Dock |
| 21:35 | [MiPB] Lendian · first_building Monastery |
| 22:09 | 我不是你的主人 · first_building Dock |
| 24:19 | [MiPB] Lendian · first_building Dock |
| 26:50 | naphtaligrauer16 · first_building Castle |
| 29:03 | JotaJota · first_building Dock |
| 29:39 | [MiPB] Lendian · age_up imperial |
| 30:05 | 我不是你的主人 · age_up imperial |
| 30:24 | naphtaligrauer16 · age_up imperial |
| 30:58 | HAN · first_building Dock |
| 33:06 | Negostoso · age_up imperial |
| 34:50 | [MiPB] Lendian · first_building Siege Workshop |
| 40:01 | Ajosi · age_up imperial |
| 42:56 | HAN · age_up imperial |
| 43:03 | JotaJota · first_building Siege Workshop |
| 46:20 | JotaJota · age_up imperial |
| 52:22 | ImperiorsWar · first_building Monastery |
| 55:16 | [MiPB] Lendian · resign |
[ AI ANALYSIS · 1 CREDIT ]
What really happened in this match?
Wolo.gg analyzes every decision: build order, eco, micro, common mistakes by bracket. Personalized analysis on WhatsApp or Discord in 30 seconds.
Civ guide
Bengalis
Map guide
CA v3.781 (Scenario)
Perfil
Jugador #5111513